 Dungeon Crawl Stone Soup version 0.31.0-9-g3a7656b989 (webtiles) character file.

Game seed: 5316398015319152449

101 qw the Shooter (level 4, 0/22 HPs)
             Began as a Spriggan Hunter on Feb 2, 2024.
             Slain by an orc
             ... wielding a +0 falchion
              (7 damage)
             ... on level 3 of the Dungeon.
             The game lasted 00:00:04 (1068 turns).

qw the Shooter (Spriggan Hunter)                    Turns: 1068, Time: 00:00:05

Health: 0/22       AC:  2    Str:  7    XL:     4   Next: 48%
Magic:  5/5        EV: 20    Int: 10    God:
Gold:   132        SH:  0    Dex: 20    Spells: 3/3 levels left

rFire   . . .        a - +0 shortbow
rCold   . . .        (shield currently unavailable)
rNeg    . . .        c - +0 robe
rPois   .            (helmet restricted)
rElec   .            (no cloak)
rCorr   .            (gloves unavailable)
SInv    +            (boots unavailable)
Will    .....        (no amulet)
Stlth   ++           (no ring)
HPRegen 0.23/turn    (no ring)
MPRegen 0.09/turn

%: no passive effects
@: very quick
A: very small, no large weapons, unfitting armour, see invisible, speed 3
a: no special abilities


You were on level 3 of the Dungeon.
You visited 1 branch of the dungeon, and saw 3 of its levels.

You collected 132 gold pieces.


Innate Abilities, Weirdness & Mutations

You are very small and have problems with some larger weapons.
You are too small for most types of armour.
You have supernaturally acute eyesight. (SInv)
You cover ground extremely quickly. (Speed+++)


   Skills:
 - Level 1.5 Fighting
 - Level 5.1 Ranged Weapons
 + Level 4.8 Dodging
 - Level 1.5 Stealth


You had 3 spell levels left.
You didn't know any spells.
Your spell library was empty.

Inventory:

Hand Weapons
 a - a +0 shortbow (weapon)
Armour
 c - a +0 robe (worn)

Dungeon Overview and Level Annotations

Branches:
Dungeon (3/15)

Altars:


Message History

You shoot an arrow. The arrow hits the orc.
The orc is almost dead.
The orc misses you. The orc hits you with a +0 hand axe.
The orc barely misses you.
You shoot an arrow. The arrow hits the orc.
You kill the orc!
The orc barely misses you. The orc closely misses you.
You shoot an arrow. The arrow hits the ribbon worm.
The ribbon worm is moderately wounded.
The orc closely misses you. The orc misses you.
You shoot an arrow. The arrow hits the ribbon worm!
The ribbon worm is severely wounded.
The ribbon worm completely misses you. The orc completely misses you.
The orc hits you with a +0 falchion.
You shoot an arrow.
The arrow hits the ribbon worm but does no damage.
The ribbon worm is severely wounded.
The orc closely misses you. The orc barely misses you.
The ribbon worm bites you.
1064 ||| DRINKING potion of heal wounds.
You feel much better. The orc closely misses you.
The orc hits you with a +0 falchion. The ribbon worm completely misses you.
You shoot an arrow. The arrow hits the ribbon worm.
The ribbon worm is almost dead.
The orc hits you with a +0 falchion. The orc hits you with a +0 hand axe.
The ribbon worm expels a string of sticky webbing.
The stream of webbing hits you but does no damage.
You are caught in a web!
The web tears apart.
The orc closely misses you. x2
The ribbon worm bites you but does no damage.
You shoot an arrow. The arrow hits the ribbon worm!
You kill the ribbon worm!
The orc barely misses you. The orc misses you.
You shoot an arrow. The arrow hits the orc.
The orc is lightly wounded.
The orc misses you. The orc closely misses you. The orc completely misses you.
The orc hits you with a +0 falchion!
You die...

### # #<#
#.#'#+###
#..@....#
#.oo)...#
#.......#
#.......+
..%.....#
.........#
..........#
.....#######


You could see 2 orcs.

Vanquished Creatures
  Jessica (D:2)
  2 adders (D:2)
  A ribbon worm (D:3)
  A dart slug (D:1)
  An orc (D:3)
  5 ball pythons
  4 endoplasms
  4 giant cockroaches
  A goblin (D:1)
  7 hobgoblins
  4 jackals (D:3)
  3 quokkas
  6 bats
  4 frilled lizards
  2 kobolds (D:2)
  3 rats
49 creatures vanquished.

Notes
Turn   | Place    | Note
-------+----------+-------------------------------------------
     0 | D:1      | qw the Spriggan Hunter began the quest for the Orb.
     0 | D:1      | Reached XP level 1. HP: 10/10 MP: 2/2
     0 | D:1      | 0 ||| qw: Version: 0.3-a-155-g5e7d8dd
     0 | D:1      | 0 ||| qw: Game counter: 2458
     0 | D:1      | 0 ||| qw: Melee chars always use a shield: true
     0 | D:1      | 0 ||| qw: God list: Okawaru
     0 | D:1      | 0 ||| qw: Allow faded altars: false
     0 | D:1      | 0 ||| qw: Do Orc after clearing Dungeon:15 true
     0 | D:1      | 0 ||| qw: Do second Lair branch before Depths: true
     0 | D:1      | 0 ||| qw: Lair rune preference: random
     0 | D:1      | 0 ||| qw: Goals: Normal
     0 | D:1      | 0 ||| PLANNING D:1-11
   164 | D:1      | Reached skill level 3 in Dodging
   253 | D:1      | Reached XP level 2. HP: 14/14 MP: 3/3
   554 | D:1      | Reached XP level 3. HP: 18/18 MP: 4/4
   600 | D:1      | 600 ||| DROPPING ring of magical power.
   601 | D:1      | 601 ||| READING 4 scrolls labelled GUMOFRASHRAEW.
   601 | D:1      | 601 ||| IDENTIFYING yellow potion
   602 | D:1      | 602 ||| READING 3 scrolls of identify.
   602 | D:1      | 602 ||| IDENTIFYING dark potion
   603 | D:1      | 603 ||| DROPPING scroll of butterflies.
   604 | D:1      | 604 ||| DROPPING potion of ambrosia.
   638 | D:2      | Noticed Jessica
   645 | D:2      | Killed Jessica
   646 | D:2      | Reached skill level 5 in Ranged Weapons
   646 | D:2      | Reached XP level 4. HP: 18/22 MP: 5/5
  1014 | D:2      | 1014 ||| READING 2 scrolls of identify.
  1014 | D:2      | 1014 ||| IDENTIFYING cyan potion
  1015 | D:2      | 1015 ||| READING scroll of identify.
  1015 | D:2      | 1015 ||| IDENTIFYING scroll labelled LIEPSE CAASATS
  1016 | D:2      | 1016 ||| DROPPING potion of attraction.
  1017 | D:2      | 1017 ||| DROPPING scroll of poison.
  1063 | D:3      | HP: 3/22 [ribbon worm (5)]
  1064 | D:3      | 1064 ||| DRINKING potion of heal wounds.
  1068 | D:3      | Slain by an orc

Levels and vault maps discovered:
D:1:      matt_arrival_spirals, layout_basic, minmay_split_cup_large
D:2:      layout_rooms, chequers_serial_rivers_micro_c, minmay_crystal_water,
          uniq_jessica
D:3:      layout_basic, mainiacjoe_overflow_boulevard, serial_glass,
          glass_columns_a, glass_columns_a, glass_columns_b, glass_columns_a,
          glass_columns_a, glass_columns_b,
          hellmonk_ecumenical_altar_watching_god, minivault_5

Skill      XL: |  1  2  3 |
---------------+----------+-----
Dodging        | 3 4 |  4.8
Ranged Weapons | 5 |  5.1
Fighting       | |  1.5
Stealth        | |  1.5

Action                     |  1- 3 |  4- 6 || total
---------------------------+-------+-------++-------
   Fire: Shortbow          |    69 |    62 ||   131
    Use: Scroll            |     2 |     2 ||     4
         Potion            |       |     1 ||     1
 Armour: Robe              |     8 |    15 ||    23
  Dodge: Dodged            |    13 |    49 ||    62

Table legend:
 A = Non-vault XP
 B = Vault XP
 C = Vault XP percentage of total XP
 D = Non-vault monster count
 E = Vault monster count
 F = Vault count percentage of total count
                 A         B        C        D         E       F
            +---------+---------+-------+---------+---------+-------
      Total |     102 |      43 |  29.7 |      44 |       5 |  10.2
            +---------+---------+-------+---------+---------+-------
        D:1 |      37 |       6 |  14.0 |      21 |       4 |  16.0
        D:2 |      49 |      37 |  43.0 |      17 |       1 |   5.6
        D:3 |      16 |       0 |   0.0 |       6 |       0 |   0.0
            +---------+---------+-------+---------+---------+-------
